| TOP OF THE 1ST |
|
New York Mets batting - Pitching for St. Louis Cardinals : LHP Steve Cooper
|
|
Pitching: LHP Steve Cooper
|
|
|
Batting: SHB Javy Rosa
|
0-0: Ball 1-0: Ground out 4-3 (Groundball, 4, EV 83.1 MPH)
|
|
Batting: SHB Scott Scott
|
0-0: Called Strike 0-1: Ball 1-1: Called Strike 1-2: Ball 2-2: Ball 3-2: SINGLE (Line Drive, 56D, EV 105.6 MPH)
|
|
Batting: SHB Nelle van den Berg
|
0-0: Foul Ball, location: 2F 0-1: SINGLE (Line Drive, 78S, EV 99.4 MPH) Scott Scott to second Runner from 2nd tries for 3rd, SAFE, throw by LF made to third
|
|
Batting: SHB Sean Cook
|
0-0: Ball 1-0: Ball 2-0: Grounds into double play, 6-4-3 (Groundball, 6, EV 88.8 MPH)
|
| Top of the 1st over - 0 runs, 2 hits, 0 errors, 1 left on base; New York 0 - St. Louis 0 |
| BOTTOM OF THE 1ST |
|
St. Louis Cardinals batting - Pitching for New York Mets : LHP Zachary DeVault
|
|
Pitching: LHP Zachary DeVault
|
|
|
Batting: RHB Tenshou Takita
|
0-0: Ball 1-0: Ball 2-0: Ground out 6-3 (Groundball, 6, EV 91.3 MPH)
|
|
Batting: RHB Bobby Scholl
|
0-0: Ball 1-0: Swinging Strike 1-1: Called Strike 1-2: Ball 2-2: Ball 3-2: Fly out, F7 (Flyball, 7LS, EV 88.8 MPH)
|
|
Batting: SHB Antoine Roux
|
0-0: Called Strike 0-1: Swinging Strike 0-2: Strikes out swinging
|
| Bottom of the 1st over - 0 runs, 0 hits, 0 errors, 0 left on base; New York 0 - St. Louis 0 |
| TOP OF THE 2ND |
|
New York Mets batting - Pitching for St. Louis Cardinals : LHP Steve Cooper
|
|
Batting: SHB Lewis Thorpe Jr.
|
0-0: Ball 1-0: Fly out, F7 (Flyball, 7LD, EV 103.1 MPH)
|
|
Batting: RHB Melchor Sovrivilla
|
0-0: SINGLE (Groundball, 6MD, EV 103.1 MPH)
|
|
Batting: SHB Kaname Fujimoto
|
0-0: Ball 1-0: Ball 2-0: Foul Ball, location: 2F 2-1: Grounds into double play, 5-4-3 (Groundball, 56, EV 82.5 MPH)
|
| Top of the 2nd over - 0 runs, 1 hit, 0 errors, 0 left on base; New York 0 - St. Louis 0 |
| BOTTOM OF THE 2ND |
|
St. Louis Cardinals batting - Pitching for New York Mets : LHP Zachary DeVault
|
|
Batting: RHB Pavpv Ivanushkin
|
0-0: Ball 1-0: SINGLE (Groundball, 56D, EV 95.6 MPH) (infield hit)
|
|
Batting: RHB Branden Cavalcante
|
0-0: Ball 1-0: Ball 2-0: Called Strike 2-1: SINGLE (Groundball, 56D, EV 98.1 MPH) Pavpv Ivanushkin to second
|
|
Batting: RHB Dustin Clark
|
0-0: Called Strike 0-1: Called Strike 0-2: Ball 1-2: Foul Ball, location: 2F 1-2: Ball 2-2: Ball 3-2: Strikes out looking
|
|
Batting: LHB Tommy Luce
|
0-0: Called Strike 0-1: Swinging Strike 0-2: Ball 1-2: Fly out, F7 (Flyball, 78M, EV 90.0 MPH)
|
|
Batting: LHB John Blair
|
0-0: Ball 1-0: Ground out U3 (Groundball, 3, EV 91.3 MPH)
|
| Bottom of the 2nd over - 0 runs, 2 hits, 0 errors, 2 left on base; New York 0 - St. Louis 0 |
| TOP OF THE 3RD |
|
New York Mets batting - Pitching for St. Louis Cardinals : LHP Steve Cooper
|
|
Batting: LHB Timo Gomez
|
0-0: Foul Ball, location: 2F 0-1: Foul Ball, location: 2F 0-2: Strikes out looking
|
|
Batting: SHB Scott Bartholomew
|
0-0: Ball 1-0: Ball 2-0: Ball 3-0: Base on Balls
|
|
Batting: SHB Javy Rosa
|
0-0: Called Strike 0-1: Foul Ball, location: 2F 0-2: Ball 1-2: Ball 2-2: Strikes out swinging
|
|
Batting: SHB Scott Scott
|
0-0: Ball 1-0: Ball 2-0: Foul Ball, location: 2F 2-1: SINGLE (Line Drive, 9LM, EV 106.9 MPH) Scott Bartholomew to second
|
|
Batting: SHB Nelle van den Berg
|
0-0: Ball 1-0: Ball 2-0: Fly out, F7 (Flyball, 7D, EV 93.8 MPH)
|
| Top of the 3rd over - 0 runs, 1 hit, 0 errors, 2 left on base; New York 0 - St. Louis 0 |
| BOTTOM OF THE 3RD |
|
St. Louis Cardinals batting - Pitching for New York Mets : LHP Zachary DeVault
|
|
Batting: RHB Sergio Godinez
|
0-0: Foul Ball, location: 2F 0-1: Fly out, F6 (Line Drive, 6, EV 67.5 MPH)
|
|
Batting: RHB Tenshou Takita
|
0-0: Called Strike 0-1: Foul Ball, location: 2F 0-2: Strikes out swinging
|
|
Batting: RHB Bobby Scholl
|
0-0: Called Strike 0-1: Called Strike 0-2: Ball 1-2: Ball 2-2: SINGLE (Flyball, 8LS, EV 93.8 MPH)
|
|
Batting: SHB Antoine Roux
|
0-0: Ball Bobby Scholl is caught stealing 2nd base 2-4
|
| Bottom of the 3rd over - 0 runs, 1 hit, 0 errors, 0 left on base; New York 0 - St. Louis 0 |
| TOP OF THE 4TH |
|
New York Mets batting - Pitching for St. Louis Cardinals : LHP Steve Cooper
|
|
Batting: SHB Sean Cook
|
0-0: Ball 1-0: Ball 2-0: Called Strike 2-1: Ball 3-1: Called Strike 3-2: SOLO HOME RUN (Flyball, 9D, EV 95.0 MPH), Distance : 364 ft
|
|
Batting: SHB Lewis Thorpe Jr.
|
0-0: Called Strike 0-1: Ball 1-1: Ball 2-1: Ball 3-1: Ground out 5-3 (Groundball, 56S, EV 93.1 MPH)
|
|
Batting: RHB Melchor Sovrivilla
|
0-0: Ball 1-0: Foul Ball, location: 2F 1-1: Fly out, F9 (Flyball, 9D, EV 94.4 MPH)
|
|
Batting: SHB Kaname Fujimoto
|
0-0: Ground out 6-3 (Groundball, 6, EV 85.0 MPH)
|
| Top of the 4th over - 1 run, 1 hit, 0 errors, 0 left on base; New York 1 - St. Louis 0 |
| BOTTOM OF THE 4TH |
|
St. Louis Cardinals batting - Pitching for New York Mets : LHP Zachary DeVault
|
|
Batting: SHB Antoine Roux
|
0-0: Ball 1-0: Foul Ball, location: 2F 1-1: Foul Ball, location: 2F 1-2: Foul Ball, location: 2F 1-2: Fly out, F4 (Popup, 4, EV 61.3 MPH)
|
|
Batting: RHB Pavpv Ivanushkin
|
0-0: Ball 1-0: Called Strike 1-1: Ball 2-1: Ground out 6-3 (Groundball, 6, EV 81.9 MPH)
|
|
Batting: RHB Branden Cavalcante
|
0-0: Ball 1-0: Ball 2-0: Foul Ball, location: 2F 2-1: Ball 3-1: Base on Balls
|
|
Batting: RHB Dustin Clark
|
0-0: Called Strike 0-1: Ball 1-1: Ball 2-1: Fielders Choice at 2nd, 6-4 (Groundball, 6, EV 96.3 MPH)
|
| Bottom of the 4th over - 0 runs, 0 hits, 0 errors, 1 left on base; New York 1 - St. Louis 0 |
| TOP OF THE 5TH |
|
New York Mets batting - Pitching for St. Louis Cardinals : LHP Steve Cooper
|
|
Batting: LHB Timo Gomez
|
0-0: Foul Ball, location: 2F 0-1: Called Strike 0-2: Strikes out swinging
|
|
Batting: SHB Scott Bartholomew
|
0-0: Ball 1-0: Foul Ball, location: 2F 1-1: Foul Ball, location: 2F 1-2: Fly out, F6 (Popup, 6MS, EV 72.5 MPH)
|
|
Batting: SHB Javy Rosa
|
0-0: Ball 1-0: Ball 2-0: Ground out 5-3 (Groundball, 56, EV 78.8 MPH)
|
| Top of the 5th over - 0 runs, 0 hits, 0 errors, 0 left on base; New York 1 - St. Louis 0 |
| BOTTOM OF THE 5TH |
|
St. Louis Cardinals batting - Pitching for New York Mets : LHP Zachary DeVault
|
|
Batting: LHB Tommy Luce
|
0-0: Called Strike 0-1: Foul Ball, location: 2F 0-2: Ball 1-2: Ball 2-2: Ball 3-2: Ground out 4-3 (Groundball, 4, EV 101.9 MPH)
|
|
Batting: LHB John Blair
|
0-0: Ball 1-0: Called Strike 1-1: Ground out U3 (Groundball, 34S, EV 88.1 MPH)
|
|
Batting: RHB Sergio Godinez
|
0-0: Fly out, F7 (Flyball, 7LM, EV 89.4 MPH)
|
| Bottom of the 5th over - 0 runs, 0 hits, 0 errors, 0 left on base; New York 1 - St. Louis 0 |
| TOP OF THE 6TH |
|
New York Mets batting - Pitching for St. Louis Cardinals : LHP Steve Cooper
|
|
Batting: SHB Scott Scott
|
0-0: Ball 1-0: Called Strike 1-1: Ground out 5-3 (Groundball, 56, EV 90.6 MPH)
|
|
Batting: SHB Nelle van den Berg
|
0-0: Called Strike 0-1: Ball 1-1: Ball 2-1: Ball 3-1: Swinging Strike 3-2: Foul Ball, location: 2F 3-2: Ground out 6-3 (Groundball, 6, EV 85.6 MPH)
|
|
Batting: SHB Sean Cook
|
0-0: Foul Ball, location: 2F 0-1: Ball 1-1: Foul Ball, location: 2F 1-2: Ball 2-2: Strikes out swinging
|
| Top of the 6th over - 0 runs, 0 hits, 0 errors, 0 left on base; New York 1 - St. Louis 0 |
| BOTTOM OF THE 6TH |
|
St. Louis Cardinals batting - Pitching for New York Mets : LHP Zachary DeVault
|
|
Batting: RHB Tenshou Takita
|
0-0: Ball 1-0: Ball 2-0: Called Strike 2-1: Ball 3-1: Base on Balls
|
|
Batting: RHB Bobby Scholl
|
0-0: Ball 1-0: Sac Bunt to 15S - play at first, batter OUT! 1-4 Tenshou Takita to second
|
|
Batting: SHB Antoine Roux
|
0-0: Ball 1-0: Reached on error, E6 (Groundball, 6, EV 103.1 MPH) Tenshou Takita to third
|
|
Batting: RHB Pavpv Ivanushkin
|
0-0: Ball 1-0: Ball 2-0: Swinging Strike 2-1: Ball 3-1: Foul Ball, location: 2F 3-2: Base on Balls Antoine Roux to second
|
|
Batting: RHB Branden Cavalcante
|
0-0: Fly out, F4 (Popup, 3F, EV 67.5 MPH)
|
|
Batting: RHB Dustin Clark
|
0-0: Foul Ball, location: 2F 0-1: Foul Ball, location: 2F 0-2: Fielders Choice at 2nd, 6-4 (Groundball, 6, EV 103.8 MPH)
|
| Bottom of the 6th over - 0 runs, 0 hits, 1 error, 3 left on base; New York 1 - St. Louis 0 |
| TOP OF THE 7TH |
|
New York Mets batting - Pitching for St. Louis Cardinals : LHP Steve Cooper
|
|
Batting: SHB Lewis Thorpe Jr.
|
0-0: Ball 1-0: Fly out, F9 (Flyball, 9D, EV 97.5 MPH)
|
|
Batting: RHB Melchor Sovrivilla
|
0-0: Ball 1-0: Called Strike 1-1: Called Strike 1-2: Ball 2-2: Strikes out swinging
|
|
Batting: SHB Kaname Fujimoto
|
0-0: Called Strike 0-1: Ball 1-1: Ground out 3-1 (Groundball, 34S, EV 80.6 MPH)
|
| Top of the 7th over - 0 runs, 0 hits, 0 errors, 0 left on base; New York 1 - St. Louis 0 |
| BOTTOM OF THE 7TH |
|
St. Louis Cardinals batting - Pitching for New York Mets : LHP Zachary DeVault
|
|
Batting: LHB Tommy Luce
|
0-0: Fly out, F7 (Flyball, 78S, EV 89.4 MPH)
|
|
Batting: LHB John Blair
|
0-0: Ball 1-0: Ball 2-0: Foul Ball, location: 2F 2-1: Swinging Strike 2-2: Foul Ball, location: 2F 2-2: Ball 3-2: Ground out 1-3 (Groundball, 34S, EV 67.5 MPH)
|
|
Batting: RHB Sergio Godinez
|
0-0: Ball 1-0: Ball 2-0: DOUBLE (Line Drive, 7LM, EV 105.0 MPH)
|
|
Batting: RHB Tenshou Takita
|
0-0: Called Strike 0-1: Fly out, F8 (Flyball, 78D, EV 107.5 MPH)
|
| Bottom of the 7th over - 0 runs, 1 hit, 0 errors, 1 left on base; New York 1 - St. Louis 0 |
| TOP OF THE 8TH |
|
New York Mets batting - Pitching for St. Louis Cardinals : LHP Steve Cooper
|
|
Pitching: RHP Jim Kincaid
|
|
|
Batting: LHB Timo Gomez
|
0-0: Called Strike 0-1: Ground out U3 (Groundball, 3, EV 93.1 MPH)
|
|
Batting: SHB Scott Bartholomew
|
0-0: Ball 1-0: Swinging Strike 1-1: Ball 2-1: Swinging Strike 2-2: Foul Ball, location: 2F 2-2: Foul Ball, location: 2F 2-2: Fly out, F6 (Line Drive, 6, EV 67.5 MPH)
|
|
Batting: SHB Javy Rosa
|
0-0: Ball 1-0: Foul Ball, location: 2F 1-1: Called Strike 1-2: Foul Ball, location: 2F 1-2: SINGLE (Line Drive, 6D, EV 95.0 MPH)
|
|
Batting: SHB Scott Scott
|
0-0: Ball 1-0: Ball 2-0: Foul Ball, location: 2F 2-1: Swinging Strike 2-2: Strikes out swinging
|
| Top of the 8th over - 0 runs, 1 hit, 0 errors, 1 left on base; New York 1 - St. Louis 0 |
| BOTTOM OF THE 8TH |
|
St. Louis Cardinals batting - Pitching for New York Mets : LHP Zachary DeVault
|
|
Batting: RHB Bobby Scholl
|
0-0: Ball 1-0: Ball 2-0: Ground out 6-3 (Groundball, 56S, EV 69.4 MPH)
|
|
Batting: SHB Antoine Roux
|
0-0: SINGLE (Flyball, 8RS, EV 97.5 MPH)
|
|
Batting: RHB Pavpv Ivanushkin
|
0-0: Called Strike 0-1: Foul Ball, location: 2F 0-2: Ball 1-2: Fly out, F8 (Flyball, 8LXD, EV 93.8 MPH)
|
|
Batting: RHB Branden Cavalcante
|
0-0: Ball 1-0: Ball 2-0: Ball 3-0: Base on Balls Antoine Roux to second
|
|
Batting: RHB Dustin Clark
|
0-0: Ball 1-0: Ball 2-0: SINGLE (Groundball, 6MD, EV 101.9 MPH) Antoine Roux to third Branden Cavalcante to second Runner from 3rd tries for Home, SAFE, throw by CF to home
|
|
Pitching: LHP Sam Schrecengost
|
|
|
Batting: RHB Cole Bittner
|
0-0: Ball 1-0: Foul Ball, location: 2F 1-1: Ground out U3 (Groundball, 34S, EV 64.4 MPH)
|
| Bottom of the 8th over - 1 run, 2 hits, 0 errors, 2 left on base; New York 1 - St. Louis 1 |
| TOP OF THE 9TH |
|
New York Mets batting - Pitching for St. Louis Cardinals : RHP Jim Kincaid
|
|
Pitching: RHP David Silva
|
|
|
Batting: SHB Nelle van den Berg
|
0-0: Ball 1-0: Ball 2-0: Ball 3-0: Base on Balls
|
|
Batting: SHB Sean Cook
|
0-0: Foul Ball, location: 2F 0-1: Ball 1-1: Foul Ball, location: 2F 1-2: Strikes out swinging
|
|
Batting: SHB Lewis Thorpe Jr.
|
0-0: Ball 1-0: 2-RUN HOME RUN (Flyball, 8LXD, EV 110.0 MPH), Distance : 428 ft
|
|
Pinch Hitting: SHB Gus Berry
|
0-0: Foul Ball, location: 2F 0-1: Ball 1-1: Ground out U3 (Groundball, 3, EV 79.4 MPH)
|
|
Batting: SHB Kaname Fujimoto
|
0-0: Foul Ball, location: 2F 0-1: Ball 1-1: Swinging Strike 1-2: Ball 2-2: Ball 3-2: Ground out 4-3 (Groundball, 4, EV 87.5 MPH)
|
| Top of the 9th over - 2 runs, 1 hit, 0 errors, 0 left on base; New York 3 - St. Louis 1 |
| BOTTOM OF THE 9TH |
|
St. Louis Cardinals batting - Pitching for New York Mets : LHP Sam Schrecengost
|
|
Pitching: RHP Ron Hawkins
|
|
|
Now at 3B: Tomas Caldera
|
|
|
Batting: LHB John Blair
|
0-0: Ball 1-0: Called Strike 1-1: Ball 2-1: Foul Ball, location: 2F 2-2: Strikes out swinging
|
|
Pinch Hitting: LHB Ben Rubenacker
|
0-0: Ball 1-0: Called Strike 1-1: Ground out 4-3 (Groundball, 4, EV 85.0 MPH)
|
|
Batting: RHB Tenshou Takita
|
0-0: Foul Ball, location: 2F 0-1: TRIPLE (Flyball, 9LD, EV 96.9 MPH)
|
|
Batting: RHB Bobby Scholl
|
0-0: Ball 1-0: Called Strike 1-1: Ground out 6-3 (Groundball, 6S, EV 85.6 MPH)
|
| Bottom of the 9th over - 0 runs, 1 hit, 0 errors, 1 left on base; New York 3 - St. Louis 1 |
|